 Dungeon Crawl Stone Soup version 0.29-a0-668-g12ee2bf84d (webtiles) character file.

Game seed: 8233904752224022640

122 Sabo the Chopper (level 5, -2/47 HPs)
             Began as a Hill Orc Fighter on June 23, 2022.
             Was a Believer of Elyvilon.
             Slain by a gnoll shaman
             ... wielding a +0 club
              (3 damage)
             ... on level 3 of the Dungeon.
             The game lasted 00:13:55 (2680 turns).

Sabo the Chopper (Hill Orc Fighter)                 Turns: 2680, Time: 00:13:56

Health: -2/47      AC:  7    Str: 21    XL:     5   Next: 6%
Magic:  5/5        EV:  9    Int:  8    God:    Elyvilon [**....]
Gold:   117        SH:  4    Dex: 10    Spells: 4/4 levels left

rFire   . . .      SeeInvis .   a - +1 war axe
rCold   . . .      Faith    .   c - +0 buckler
rNeg    . . .      Spirit   .   b - +0 scale mail
rPois   .          Reflect  .   (no helmet)
rElec   .          Harm     .   (no cloak)
rCorr   .          Rampage  .   (no gloves)
Will    .....                   (no boots)
Stlth   ..........              o - amulet of magic regeneration
HPRegen 0.15/turn               (no ring)
MPRegen 0.49/turn               (no ring)

@: lit by a corona, glowing
A: no striking features
a: Renounce Religion, Purification, Heal Other


You were on level 3 of the Dungeon.
You worshipped Elyvilon.
Elyvilon was pleased with you.
You visited 1 branch of the dungeon, and saw 3 of its levels.

You collected 117 gold pieces.

Inventory:

Hand Weapons
 a - a +1 war axe (weapon)
 e - a +0 hunting sling
 g - a +0 triple crossbow
 h - a +0 club
 v - a +0 short sword of venom
Missiles
 u - 4 poisoned darts
Armour
 b - a +0 scale mail (worn)
 c - a +0 buckler (worn)
Jewellery
 o - an amulet of magic regeneration (around neck)
Wands
 m - a wand of iceblast (14)
Scrolls
 f - a scroll of teleportation {unknown}
 i - a scroll of enchant weapon
 k - a scroll of acquirement {unknown}
 p - a scroll of fog {unknown}
 q - a scroll of poison {unknown}
 r - a scroll of immolation {unknown}
Potions
 j - a potion of heal wounds {unknown}
 l - 2 potions of resistance {unknown}
 n - a potion of curing {unknown}
 s - a potion of mutation {unknown}


   Skills:
 + Level 4.4 Fighting
 + Level 4.6 Axes
 + Level 4.1 Armour
 + Level 0.3 Dodging
 + Level 3.7 Shields


You had 4 spell levels left.
You didn't know any spells.
Your spell library contained the following spells:

 Spells                   Type           Power      Damage    Failure   Level
 Apportation              Tloc           0%         N/A       83%         1
 Necrotize                Necr           0%         1d4       83%         1
 Summon Small Mammal      Summ           0%         N/A       83%         1


Dungeon Overview and Level Annotations

Branches:
Dungeon (3/15)

Altars:
Elyvilon
Zin
The Shining One

Shops:
D:2 (


Message History

* * * LOW HITPOINT WARNING * * *
The gnoll misses you. The gnoll attacks as you move away!
The gnoll hits you with a +0 whip!
* * * LOW HITPOINT WARNING * * *
The gnoll barely misses you. The gnoll barely misses you.
The gnoll attacks as you move away! The gnoll hits you but does no damage.
The gnoll attacks as you move away! The gnoll closely misses you.
The gnoll hits you but does no damage.
You closely miss the gnoll. The gnoll barely misses you.
The gnoll splashes around in the water.
The gnoll shaman mumbles some strange prayers to its god against you.
You are outlined in light.
As you read the scroll of summoning, it crumbles to dust.
Wisps of shadow whirl around you... The gnoll hits you but does no damage.
The gnoll shaman hits your endoplasm with a +0 club.
The gnoll hits you but does no damage.
You hit the gnoll but do no damage. You block the gnoll's attack.
The gnoll shaman hits your endoplasm with a +0 club!
Your endoplasm dies!
Your endoplasm dissolves into shadows!
Your endoplasm hits the gnoll.
The gnoll splashes around in the water.
You barely miss the gnoll.
The gnoll is lightly wounded.
The gnoll splashes around in the water.
Your endoplasm freezes the gnoll.
The gnoll is frozen.
The gnoll barely misses you.
You hit the gnoll shaman but do no damage.
You hit the gnoll but do no damage. The gnoll hits you with a +0 whip.
* * * LOW HITPOINT WARNING * * *
Your endoplasm freezes the gnoll.
The gnoll is frozen.
You block the gnoll shaman's attack. The gnoll hits you with a +0 whip.
Elyvilon protects you from harm!
You hit the gnoll shaman.
The gnoll shaman is lightly wounded.
You barely miss the gnoll.
Your endoplasm barely misses the gnoll.
The gnoll splashes around in the water.
The gnoll shaman hits you with a +0 club.
You die...

#.# .# #####.# ###.## #
#.÷...# #....# .#
#######.#######.##.##.##
........)...............
≈≈≈≈≈≈≈≈≈≈≈≈≈≈....≈≈≈≈≈≈
≈≈≈≈≈≈≈≈≈≈≈≈≈≈....≈≈≈≈≈≈
##≈≈≈≈≈g≈≈≈≈≈≈....≈≈≈≈≈≈
#....J.@g...........[..
#############''''######
#.......#....#
#..)....#)...#
#..g).g†')...+
#g############ #. #. #.


You could see a gnoll shaman, a gnoll (fast, ally target) and a friendly
endoplasm (summoned).

Vanquished Creatures
  A gnoll shaman (D:3)
  Natasha (D:3)
  An adder (D:2)
  A dart slug (D:1)
  8 orcs (D:3)
  3 bats
  4 endoplasms
  7 goblins
  4 hobgoblins
  3 jackals (D:3)
  2 quokkas
  3 ball pythons
  4 frilled lizards
  4 kobolds
  3 rats
49 creatures vanquished.

Vanquished Creatures (others)
  A fungus (D:3)
1 creature vanquished.

Grand Total: 50 creatures vanquished

Notes
Turn   | Place    | Note
-------+----------+-------------------------------------------
     0 | D:1      | Sabo the Hill Orc Fighter began the quest for the Orb.
     0 | D:1      | Reached XP level 1. HP: 19/19 MP: 1/1
   193 | D:1      | Reached XP level 2. HP: 19/27 MP: 2/2
   574 | D:1      | Found a faded altar of an unknown god.
   580 | D:1      | Prayed at the altar of an unknown god.
   580 | D:1      | Became a worshipper of Elyvilon the Healer
   580 | D:1      | Reached * piety under Elyvilon
   943 | D:2      | Reached XP level 3. HP: 27/33 MP: 3/3
  1350 | D:2      | Reached ** piety under Elyvilon
  1742 | D:2      | Found Pyocwet's Antique Weapon Shop.
  2149 | D:3      | Found a glowing golden altar of the Shining One.
  2150 | D:3      | Found a glowing silver altar of Zin.
  2382 | D:3      | Reached XP level 4. HP: 17/41 MP: 4/4
  2648 | D:3      | Noticed Natasha
  2659 | D:3      | Killed Natasha
  2660 | D:3      | Reached XP level 5. HP: 13/47 MP: 5/5
  2668 | D:3      | HP: 2/47 [gnoll/+0 whip (8)]
  2679 | D:3      | HP: 1/47 [gnoll/+0 whip (3)]
  2679 | D:3      | Elyvilon protects you from harm!
  2680 | D:3      | Slain by a gnoll shaman

Illustrated notes

Levels and vault maps discovered:
D:1:      minmay_arrival_up_and_down, layout_rooms,
          ebering_ecumenical_altar_hall
D:2:      minmay_alternating_diamond, layout_basic, serial_shops,
          nicolae_lakefront_shop
D:3:      lemuel_castle_with_subvaults [lemuel_castle_interior_carwin_3],
          layout_loops_ring, dreamdust_divine_triumvirate, uniq_natasha

Skill      XL: |  1  2  3  4 |
---------------+-------------+-----
Fighting       | 4 |  4.4
Axes           | 3 4 |  4.6
Armour         | 4 |  4.1
Dodging        | |  0.3
Shields        | |  3.7

Action                   |  1- 3 |  4- 6 || total
-------------------------+-------+-------++-------
Melee: War axe           |    96 |    19 ||   115
 Fire: Triple crossbow   |     4 |       ||     4
  Use: Scroll            |     4 |     1 ||     5
       Potion            |       |     1 ||     1
Armor: Scale mail        |    50 |     8 ||    58
Dodge: Dodged            |    37 |    13 ||    50
Block: Buckler           |    20 |     6 ||    26

Table legend: (Time is in decaauts)
 A = Elapsed time spent in this place.
 B = Non-inter-level travel time spent in this place.
 C = Inter-level travel time spent in this place.
 D = Time resting spent in this place.
 E = Time spent auto-exploring this place.
 F = Levels seen in this place.
 G = Mean time per level.
                   A        B        C        D        E       F      G
               +--------+--------+--------+--------+--------+-----+--------+
         Total |   2727 |   2727 |      0 |    544 |      0 |   3 |  909.0 |
       Dungeon |   2727 |   2727 |      0 |    544 |      0 |   3 |  909.0 |
               +--------+--------+--------+--------+--------+-----+--------+

Top non-repeatable levels by time:
     D:2: 1437 daAuts
     D:1: 728 daAuts
     D:3: 562 daAuts
